 Dungeon Crawl Stone Soup version 0.31-a0-202-g547052bce9 (webtiles) character file.

Game seed: 2326501384575131524

320 qw the Skirmisher (level 6, -4/35 HPs)
             Began as a Deep Elf Hunter on June 26, 2023.
             Was an Initiate of Okawaru.
             Slain by a yak (13 damage)
             ... on level 4 of the Dungeon.
             The game lasted 00:00:56 (2618 turns).

qw the Skirmisher (Deep Elf Hunter)                 Turns: 2618, Time: 00:00:57

Health: -4/35      AC:  5    Str: 10    XL:     6   Next: 22%
Magic:  8/8        EV: 13    Int: 14    God:    Okawaru [......]
Gold:   178        SH:  0    Dex: 18    Spells: 5/5 levels left

rFire   . . .        Y - +0 shortbow
rCold   . . .        (shield currently unavailable)
rNeg    . . .        a - +2 robe {Will+}
rPois   .            (no helmet)
rElec   .            (no cloak)
rCorr   .            (no gloves)
SInv    .            c - +0 pair of boots
Will    ++...        (no amulet)
Stlth   ++           f - ring of willpower
HPRegen 0.25/turn    (no ring)
MPRegen 0.11/turn

%: no passive effects
@: no status effects
A: no striking features
a: Renounce Religion


You were on level 4 of the Dungeon.
You worshipped Okawaru.
Okawaru was noncommittal.
You visited 1 branch of the dungeon, and saw 4 of its levels.

You collected 178 gold pieces.


   Skills:
 - Level 2.0 Fighting
 + Level 9.5 Ranged Weapons
 - Level 3.0 Dodging
 - Level 1.2 Stealth


You had 5 spell levels left.
You didn't know any spells.
Your spell library was empty.

Inventory:

Hand Weapons
 Y - a +0 shortbow (weapon)
Armour
 a - a +2 robe of willpower (worn)
 c - a +0 pair of boots (worn)
 d - a +0 ring mail
Jewellery
 f - a ring of willpower (left hand)
 i - a ring of see invisible
Scrolls
 k - a scroll of identify
Potions
 b - a potion of enlightenment
 e - a potion of lignification {unknown}
 h - a potion of berserk rage {unknown}

Dungeon Overview and Level Annotations

Branches:
Dungeon (4/15)
 Temple: D:4-7

Altars:
Elyvilon
Makhleb
Okawaru
Yredelemnul


Message History

Enter note:
Enter note:
Enter note:
Enter note:
Enter note:
Enter note: You shoot an arrow.
The yak bellows!
The arrow hits the yak but does no damage.
You hear a bellow!
A yak comes into view.
You shoot an arrow. The arrow barely misses the yak.
You shoot an arrow.
The arrow hits the yak but does no damage.
A yak comes into view. x2
You shoot an arrow. The arrow hits the yak.
The yak is lightly wounded.
The yak gores you! The iguana bites you.
You shoot an arrow.
The arrow hits the yak but does no damage.
The yak is lightly wounded.
The iguana closely misses you.
You shoot an arrow. The arrow closely misses the yak.
A phantom comes into view.
The iguana bites you.
You shoot an arrow. The arrow hits the yak.
The yak is lightly wounded.
The yak gores you but does no damage. The iguana bites you.
2616 ||| DRINKING potion of heal wounds.
You feel much better. The yak barely misses you. The yak gores you!
The iguana closely misses you.
You shoot an arrow.
The arrow hits the yak but does no damage.
The yak is lightly wounded.
The yak closely misses you. The yak completely misses you.
The iguana barely misses you.
You shoot an arrow. The arrow hits the yak.
The yak is lightly wounded.
The yak gores you! x2
You die...

.####._8...## .#
##)[_...#
%###......#### #
.........<...# .#
.######.####.#######.#
.## #..............
..# ######.####..# ..#
#.####Y.##### ..#
#....@YY..... ..#
######lY##### #.#


YW# #.# ..# #.# ..# #.# ... #.# ..## ..# ... ### You could see 5 yaks, a phantom
and an iguana.

Vanquished Creatures
  Sigmund (D:2)
  2 hounds (D:4)
  4 adders
  4 dart slugs
  5 ball pythons
  5 bats
  7 endoplasms
  2 giant cockroaches
  4 hobgoblins
  4 jackals (D:4)
  7 kobolds
  5 quokkas
  3 frilled lizards
  6 goblins
  6 rats
65 creatures vanquished.

Notes
Turn   | Place    | Note
-------+----------+-------------------------------------------
     0 | D:1      | qw the Deep Elf Hunter began the quest for the Orb.
     0 | D:1      | Reached XP level 1. HP: 12/12 MP: 3/3
     0 | D:1      | 0 ||| qw: Version: 0.3-a-22-g0ed2b0b
     0 | D:1      | 0 ||| qw: Game counter: 6228
     0 | D:1      | 0 ||| qw: Melee chars always use a shield: true
     0 | D:1      | 0 ||| qw: God list: Okawaru
     0 | D:1      | 0 ||| qw: Allow faded altars: false
     0 | D:1      | 0 ||| qw: Do Orc after clearing Dungeon:15 true
     0 | D:1      | 0 ||| qw: Do second Lair branch before Depths: true
     0 | D:1      | 0 ||| qw: Lair rune preference: random
     0 | D:1      | 0 ||| qw: Goals: Normal
     0 | D:1      | 0 ||| PLANNING D:1-11
   113 | D:1      | Reached skill level 6 in Ranged Weapons
   113 | D:1      | Reached XP level 2. HP: 16/16 MP: 4/4
   706 | D:1      | 706 ||| READING scroll labelled QEARONU MIXOS.
   707 | D:1      | 707 ||| DROPPING scroll of butterflies.
   754 | D:2      | Noticed Sigmund
   758 | D:2      | 758 ||| STAIRDANCE
   792 | D:2      | 792 ||| STAIRDANCE
   809 | D:2      | 809 ||| STAIRDANCE
   811 | D:2      | 811 ||| STAIRDANCE
   843 | D:2      | Killed Sigmund
   844 | D:2      | Reached skill level 8 in Ranged Weapons
   844 | D:2      | Reached XP level 3. HP: 20/20 MP: 5/5
   844 | D:2      | Reached XP level 4. HP: 25/25 MP: 6/6
   844 | D:2      | Reached XP level 5. HP: 29/29 MP: 7/7
   896 | D:2      | HP: 7/29 [adder (1)]
   898 | D:2      | Reached skill level 9 in Ranged Weapons
   898 | D:2      | HP: 3/29 [poisoned by an adder]
   901 | D:2      | HP: 1/29 [poisoned by an adder]
  1285 | D:2      | Found a basalt altar of Yredelemnul.
  1334 | D:2      | Reached skill level 3 in Dodging
  1484 | D:2      | 1484 ||| UPGRADING to +2 robe of willpower.
  1494 | D:2      | 1494 ||| DROPPING +0 leather armour.
  1495 | D:2      | 1495 ||| UPGRADING to ring of willpower.
  1496 | D:2      | 1496 ||| DROPPING ring of wizardry.
  1497 | D:2      | 1497 ||| READING scroll labelled QUGREI SEMUPT.
  1498 | D:2      | 1498 ||| READING scroll labelled EPRIRU ASE MAS.
  1499 | D:2      | 1499 ||| READING scroll labelled TUBRIONOIC.
  1500 | D:2      | 1500 ||| READING scroll labelled URITHA ALISM.
  1501 | D:2      | 1501 ||| READING scroll labelled CAEDIK YMUKE.
  1504 | D:2      | 1504 ||| READING scroll labelled WIMOSU SUPPASA.
  2073 | D:3      | 2073 ||| UPGRADING to +0 pair of boots.
  2078 | D:3      | 2078 ||| DROPPING +6 ring of intelligence.
  2079 | D:3      | 2079 ||| READING scroll labelled SEQUAL SOFURE.
  2080 | D:3      | 2080 ||| READING scroll labelled XELAGE QUSK.
  2181 | D:3      | 2181 ||| READING 4 scrolls of identify.
  2181 | D:3      | 2181 ||| IDENTIFYING glowing pink potion
  2182 | D:3      | 2182 ||| READING 3 scrolls of identify.
  2182 | D:3      | 2182 ||| IDENTIFYING ruby potion
  2183 | D:3      | 2183 ||| READING 2 scrolls of identify.
  2183 | D:3      | 2183 ||| IDENTIFYING sapphire potion
  2184 | D:3      | 2184 ||| DROPPING potion of attraction.
  2209 | D:4      | Found a burning altar of Makhleb.
  2209 | D:4      | Found an iron altar of Okawaru.
  2209 | D:4      | Found a white marble altar of Elyvilon.
  2210 | D:4      | 2210 ||| PLANNING OKAWARU WORSHIP
  2210 | D:4      | 2210 ||| STAIRDANCE
  2217 | D:4      | Became a worshipper of Warmaster Okawaru
  2218 | D:4      | 2218 ||| PLANNING D:1-11
  2224 | D:4      | Reached XP level 6. HP: 35/35 MP: 8/8
  2392 | D:4      | Found a basalt altar of Yredelemnul.
  2608 | D:4      | Noticed a yak
  2608 | D:4      | Noticed a yak
  2609 | D:4      | Noticed a yak
  2611 | D:4      | Noticed a yak
  2611 | D:4      | Noticed a yak
  2615 | D:4      | HP: 7/35 [iguana (3)]
  2616 | D:4      | 2616 ||| DRINKING potion of heal wounds.
  2618 | D:4      | Slain by a yak

Levels and vault maps discovered:
D:1:      kennysheep_arrival_forest, layout_loops_ring
D:2:      layout_loops_ring, basic_altar, hangedman_decor_points, uniq_sigmund
D:3:      layout_basic, chequers_arboretum
D:4:      layout_loops_ring, chequers_temple_overflow_statue_of_worship,
          mainiacjoe_overflow_concentric_impassable,
          mainiacjoe_overflow_cross_hatched

Skill      XL: |  1  2  3  4  5 |
---------------+----------------+-----
Ranged Weapons | 6 8 9 |  9.5
Dodging        | 3 |  3.0
Fighting       | 2 |  2.0
Stealth        | |  1.2

Action                     |  1- 3 |  4- 6 || total
---------------------------+-------+-------++-------
   Fire: Shortbow          |    50 |   123 ||   173
    Use: Scroll            |     1 |    11 ||    12
         Potion            |       |     1 ||     1
 Armour: Leather armour    |     4 |     4 ||     8
         Robe              |       |    18 ||    18
  Dodge: Dodged            |     7 |    52 ||    59

Table legend:
 A = Non-vault XP
 B = Vault XP
 C = Vault XP percentage of total XP
 D = Non-vault monster count
 E = Vault monster count
 F = Vault count percentage of total count
                 A         B        C        D         E       F
            +---------+---------+-------+---------+---------+-------
      Total |     244 |     214 |  46.7 |      64 |       1 |   1.5
            +---------+---------+-------+---------+---------+-------
        D:1 |      36 |       0 |   0.0 |      22 |       0 |   0.0
        D:2 |      68 |     214 |  75.9 |      17 |       1 |   5.6
        D:3 |      27 |       0 |   0.0 |       9 |       0 |   0.0
        D:4 |     113 |       0 |   0.0 |      16 |       0 |   0.0
            +---------+---------+-------+---------+---------+-------
